 Dungeon Crawl Stone Soup version 0.19.5 (webtiles) character file.

66844 Azzok the Crack Shot (level 14, -1/115 HPs)
             Began as a Centaur Fighter on June 6, 2017.
             Was the Champion of Okawaru.
             Slain by a meliai
             ... wielding a +0 hand axe
              (6 damage)
             ... on level 10 of the Dungeon.
             The game lasted 01:04:31 (28360 turns).

Azzok the Crack Shot (Centaur Fighter)             Turns: 28360, Time: 01:04:32

Health: -1/115     AC: 26    Str: 23    XL:     14   Next: 80%
Magic:  0/23       EV:  8    Int:  7    God:    Okawaru [******]
Gold:   1232       SH:  0    Dex: 13    Spells: 0 memorised, 13 levels left

rFire  + . .     SeeInvis .     a - +1 shortbow (freeze)
rCold  + + .     Gourm    .     t - +4 ice dragon scales of a sewer {rF- rC++ Dex+3 Stlth+}
rNeg   . . .     Faith    .     (shield currently unavailable)
rPois  .         Spirit   +     N - +0 helmet
rElec  .         Reflect  .     q - +2 cloak {MR+}
rCorr  .         Harm     .     y - +1 pair of gloves
MR     ++...                    X - +0 centaur barding {rF+}
Stlth  ++........               n - amulet of guardian spirit
                                V - ring of protection from fire
                                e - ring of flight

@: heroism, very quick
A: hooves 3, deformed body, speed 2, tough skin 3, wild magic 1
a: Heroism, Finesse, Renounce Religion, Evoke Flight


You were on level 10 of the Dungeon.
You worshipped Okawaru.
Okawaru was exalted by your worship.
You were not hungry.

You visited 3 branches of the dungeon, and saw 18 of its levels.
You also visited: Bailey.

You collected 1232 gold pieces.

Inventory:

Hand Weapons
 a - a +1 shortbow of freezing (weapon)
 b - a +2 quarterstaff of chaos
Missiles
 h - 209 arrows (quivered)
Armour
 q - a +2 cloak of magic resistance (worn)
 t - the +4 ice dragon scales of a sewer (worn) {rF- rC++ Dex+3 Stlth+}
   (You found it in a bailey)

   It affects your dexterity (+3).
   It makes you vulnerable to fire.
   It greatly protects you from cold.
   It makes you more stealthy.
 y - a +1 pair of gloves (worn)
 N - a +0 helmet (worn)
 X - a +0 centaur barding of fire resistance (worn)
Jewellery
 e - a ring of flight (left hand)
 n - an amulet of guardian spirit (around neck)
 V - a ring of protection from fire (right hand)
Scrolls
 i - 14 scrolls of remove curse
 l - 6 scrolls of magic mapping
 u - 2 scrolls of identify
 v - a scroll of blinking
 z - 5 scrolls of fear
 A - 3 scrolls of fog
 C - a scroll of brand weapon {unknown}
 D - 2 scrolls of vulnerability {unknown}
 E - 2 scrolls of enchant weapon {unknown}
 I - 3 scrolls of teleportation {unknown}
 K - a scroll of torment {unknown}
Potions
 d - 2 potions of might
 k - a potion of cure mutation {unknown}
 L - 2 potions of ambrosia {unknown}
 Q - 2 potions of lignification {unknown}
 S - a potion of degeneration {unknown}
 W - 4 potions of flight {unknown}
 Z - 2 potions of curing
Miscellaneous
 G - a fan of gales
Comestibles
 c - 3 chunks of flesh {@w0}
 f - 8 bread rations {@e1}
 g - 7 meat rations {@e2}
 w - 2 royal jellies
 x - 2 beef jerkies
 B - 2 slices of pizza
 U - 6 fruits


   Skills:
 - Level 8.0(13.0) Fighting
   Level 1.7(6.7) Long Blades
 - Level 5.0(10.0) Staves
 * Level 24.5(27) Bows
 - Level 2.1(7.1) Armour
   Level 2.1(7.1) Shields
 - Level 13.1 Invocations


You had 13 spell levels left.
You didn't know any spells.

Dungeon Overview and Level Annotations

Branches:
Dungeon (11/15)            Temple (1/1) D:7            Lair (6/6) D:8
 Shoals (0/4) Lair:3        Snake (0/4) Lair:4        Slime (0/5) Lair:5
    Orc: D:9-12

Altars:
Cheibriados
Gozag
Okawaru
Ru
Sif Muna
Xom
Yredelemnul
Zin
The Shining One
Jiyva

Shops:
D:7 }


Innate Abilities, Weirdness & Mutations

You have hooves in place of feet.
Armour fits poorly on your strangely shaped body.
You cover ground very quickly.
You have extremely tough skin. (AC +3)
Your spells are a little harder to cast, but a little more powerful.


Message History

Press: ? - help, Shift-Dir - straight line, f/p - meliai
Aim: a meliai, wielding a hand axe and wearing a leather armour (severely wounded)
You shoot an arrow. The arrow barely misses the meliai.
The meliai hits you with a hand axe.
* * * LOW HITPOINT WARNING * * *
The meliai stings you but does no damage.
Firing (i - inventory):
h - 211 arrows (quivered)
Press: ? - help, Shift-Dir - straight line, f/p - meliai
Aim: a meliai, wielding a hand axe and wearing a leather armour (severely wounded)
You shoot an arrow. The arrow barely misses the meliai.
The meliai hits you but does no damage.
The meliai stings you but does no damage.
You take 1 damage, and have 5/115 hp.
Firing (i - inventory):
h - 210 arrows (quivered)
Press: ? - help, Shift-Dir - straight line, f/p - meliai
Aim: a meliai, wielding a hand axe and wearing a leather armour (severely wounded)
You shoot an arrow. The arrow misses the meliai.
The meliai hits you with a hand axe!
* * * LOW MAGIC WARNING * * *
You die...

······················▒··········
··············▒▒······▒·······[··
····················▒▒▒··········
····················▒▒▒··········
····················▒▒·······)···
···>··························<··
·································
·································
················@················
)···············y················
··························(······
·································
············▒▒·················▒·
······················)········▒·
····················▒············
················(················
·································


You could see a meliai.

Vanquished Creatures
  Rupert (Lair:3)
  The ghost of Azzok the Markscentaur, a journeyman CeFi of Okawaru (Lair:3)
  A fire dragon (Lair:6)
  Josephine (D:10)
  Erolcha (D:10)
  6 hydras
  2 catoblepae
  11 death yaks
  3 hill giants (D:10)
  4 orc knights (Bailey)
  2 wolf spiders (Lair:6)
  3 elephants (Lair:6)
  The ghost of Turgon the Poker, a novice OpIE of Ashenzari (D:7)
  5 black mambas
  A guardian serpent (Lair:6)
  18 spiny frogs
  3 torpor snails
  8 komodo dragons
  6 rime drakes (Lair:6)
  A meliai (D:11)
  2 polar bears
  5 hornets
  Grinder (D:2)
  23 blink frogs
  7 hippogriffs
  3 redbacks
  11 dream sheep
  A spriggan (Lair:6)
  5 wraiths (D:10)
  15 wyverns
  38 yaks
  2 steam dragons (Lair:6)
  4 basilisks
  A warg (D:8)
  3 nagas (Lair:4)
  3 mottled dragons (Lair:6)
  5 porcupines
  23 water moccasins
  2 swamp drakes (Lair:6)
  3 ice beasts
  3 sky beasts
  10 orc warriors
  2 necrophages
  21 wolves
  4 ogres
  8 centaurs
  20 crocodiles
  Blork the orc (D:4)
  17 bullfrogs
  A big kobold (D:11)
  5 scorpions
  5 killer bees
  3 wights (D:11)
  3 howler monkeys
  3 electric eels (Lair:4)
  4 crimson imps
  2 centaur skeletons (D:11)
  6 jellies
  2 hounds
  2 bullfrog skeletons
  10 orc priests
  Crazy Yiuf (D:2)
  Natasha (thrice) (D:4)
  7 orc wizards
  9 worker ants
  8 iguanas
  2 hound skeletons (D:8)
  4 gnolls (D:2)
  15 adders
  5 shadow imps
  An adder skeleton (D:9)
  8 worms
  A dart slug (D:1)
  4 leopard geckos
  41 orcs
  3 ball pythons
  7 bats
  3 giant cockroaches
  8 goblins
  5 hobgoblins
  11 jackals
  5 quokkas
  3 frilled lizards
  2 jackal zombies (D:9)
  12 kobolds
  8 rats
  2 fungi (Lair:1)
  4 plants
550 creatures vanquished.

Vanquished Creatures (others)
  An orc wizard (D:3)
  A bush (Lair:6)
  28 fungi
  51 plants
81 creatures vanquished.

Grand Total: 631 creatures vanquished

Notes
Turn   | Place    | Note
-------+----------+-------------------------------------------
     0 | D:1      | Azzok the Centaur Fighter began the quest for the Orb.
     0 | D:1      | Reached XP level 1. HP: 19/19 MP: 1/1
   228 | D:1      | Reached XP level 2. HP: 21/26 MP: 2/2
   972 | D:1      | Reached XP level 3. HP: 33/33 MP: 3/3
  1435 | D:2      | Reached XP level 4. HP: 23/41 MP: 4/4
  1440 | D:2      | Reached skill level 5 in Fighting
  1788 | D:2      | Found a runed door.
  1792 | D:2      | Noticed Crazy Yiuf
  1797 | D:2      | Killed Crazy Yiuf
  2302 | D:3      | Noticed Grinder
  2520 | D:2      | Reached XP level 5. HP: 35/49 MP: 2/5
  2523 | D:2      | Reached skill level 1 in Staves
  2730 | D:3      | Paralysed by Grinder for 4 turns
  2738 | D:2      | Killed Grinder
  2738 | D:2      | Reached XP level 6. HP: 40/57 MP: 6/6
  3811 | D:4      | Reached XP level 7. HP: 57/64 MP: 5/7
  3846 | D:4      | Noticed Natasha
  3862 | D:4      | Killed Natasha
  3925 | D:4      | Noticed Natasha
  3929 | D:4      | Killed Natasha
  4279 | D:4      | Noticed Blork the orc
  4299 | D:4      | Killed Blork the orc
  4735 | D:4      | Noticed Natasha
  4751 | D:4      | Killed Natasha
  4912 | D:5      | Entered Level 5 of the Dungeon
  4961 | D:5      | Reached skill level 5 in Staves
  4961 | D:5      | Reached XP level 8. HP: 69/74 MP: 8/8
  4972 | D:5      | Reached skill level 1 in Bows
  5166 | D:5      | Reached skill level 3 in Bows
  5397 | D:5      | Reached skill level 4 in Bows
  5459 | D:5      | Reached skill level 5 in Bows
  6023 | D:6      | Reached skill level 6 in Bows
  6098 | D:6      | Reached skill level 7 in Bows
  6271 | D:6      | Reached skill level 8 in Bows
  6875 | D:7      | Reached skill level 9 in Bows
  6915 | D:7      | Reached XP level 9. HP: 51/81 MP: 7/9
  7122 | D:7      | Found a staircase to the Ecumenical Temple.
  7139 | Temple   | Entered the Ecumenical Temple
  7205 | Temple   | Became a worshipper of Warmaster Okawaru
  7246 | D:7      | Noticed Turgon's ghost (novice OpIE)
  7255 | D:7      | Killed Turgon's ghost
  7255 | D:7      | Reached skill level 10 in Bows
  7320 | D:7      | Reached * piety under Okawaru
  7566 | D:7      | Found Inkoig's Gadget Emporium.
  7807 | D:8      | Reached skill level 11 in Bows
  8340 | D:8      | Reached ** piety under Okawaru
  8368 | D:8      | Found a flagged portal.
  8376 | Bailey   | Entered a bailey
  8764 | Bailey   | Noticed an orc knight
  8766 | Bailey   | Noticed an orc knight
  8766 | Bailey   | Noticed an orc knight
  8814 | Bailey   | Reached skill level 12 in Bows
  8864 | Bailey   | Killed an orc knight
  8864 | Bailey   | Reached XP level 10. HP: 12/87 MP: 4/13
  8871 | Bailey   | Killed an orc knight
  8871 | Bailey   | Reached skill level 5 in Invocations
  8883 | Bailey   | Killed an orc knight
  8883 | Bailey   | Reached *** piety under Okawaru
  8883 | Bailey   | Reached skill level 13 in Bows
  9189 | Bailey   | Noticed an orc knight
  9236 | Bailey   | Killed an orc knight
  9468 | Bailey   | Got transparent ice dragon scales
  9479 | Bailey   | Identified the +4 ice dragon scales of a sewer {rF- rC++ Dex+3 Stlth+} (You found it in a bailey)
  9521 | Bailey   | Gained mutation: Your spells are a little harder to cast, but a little more powerful. [potion of mutation]
  9521 | Bailey   | Gained mutation: You tend to lose your temper in combat. [potion of mutation]
  9521 | Bailey   | Lost mutation: You tend to lose your temper in combat. [potion of mutation]
  9571 | D:8      | Found a staircase to the Lair.
 10277 | D:9      | Reached skill level 14 in Bows
 10740 | D:10     | Entered Level 10 of the Dungeon
 10813 | D:10     | Noticed Erolcha
 10829 | D:10     | Killed Erolcha
 10829 | D:10     | Reached **** piety under Okawaru
 10972 | D:10     | Paralysed by a hornet for 1 turns
 10979 | D:10     | Reached skill level 15 in Bows
 11285 | D:10     | Noticed a hill giant
 11286 | D:10     | Noticed a hill giant
 11398 | D:10     | Killed a hill giant
 11398 | D:10     | Reached XP level 11. HP: 59/94 MP: 12/16
 11668 | D:10     | Noticed Josephine
 11930 | D:10     | Received a gift from Okawaru
 12083 | D:10     | Killed Josephine
 12230 | D:10     | Noticed a hill giant
 12256 | D:10     | Killed a hill giant
 12256 | D:10     | Reached ***** piety under Okawaru
 12256 | D:10     | Reached skill level 16 in Bows
 12386 | D:10     | Received a gift from Okawaru
 12717 | D:8      | Received a gift from Okawaru
 12950 | Lair:1   | Entered Level 1 of the Lair of Beasts
 13035 | Lair:1   | Noticed a five-headed hydra
 13045 | Lair:1   | Killed a five-headed hydra
 13109 | Lair:1   | Reached skill level 17 in Bows
 13117 | Lair:1   | Received a gift from Okawaru
 13819 | Lair:1   | Reached XP level 12. HP: 46/101 MP: 9/19
 14315 | Lair:1   | Reached skill level 18 in Bows
 14315 | Lair:1   | Reached skill level 10 in Invocations
 14836 | Lair:2   | Received a gift from Okawaru
 15493 | Lair:2   | Reached ****** piety under Okawaru
 15499 | Lair:2   | Received a gift from Okawaru
 16043 | Lair:3   | Noticed Azzok's ghost (journeyman CeFi)
 16545 | Lair:3   | Killed Azzok's ghost
 16545 | Lair:3   | Received a gift from Okawaru
 16545 | Lair:3   | Reached skill level 19 in Bows
 16662 | Lair:3   | Received a gift from Okawaru
 17371 | Lair:3   | Noticed Rupert
 17374 | Lair:3   | Paralysed by Rupert for 5 turns
 17392 | Lair:3   | Paralysed by Rupert for 6 turns
 17444 | Lair:3   | Paralysed by Rupert for 6 turns
 17533 | Lair:3   | Found a staircase to the Shoals.
 17550 | Lair:3   | Killed Rupert
 17550 | Lair:3   | Received a gift from Okawaru
 18092 | Lair:3   | Noticed a four-headed hydra
 18115 | Lair:3   | Killed a four-headed hydra
 18115 | Lair:3   | Reached skill level 20 in Bows
 18154 | Lair:3   | Reached XP level 13. HP: 107/107 MP: 21/21
 18425 | Lair:3   | Received a gift from Okawaru
 18435 | Lair:3   | Got a bloodstained centaur barding {god gift}
 18543 | Lair:3   | Identified the +4 centaur barding of Unwyizav {-Tele rF- Int+10 Stlth+} (Okawaru gifted it to you on level 3 of the Lair of Beasts)
 18641 | Lair:4   | Found a staircase to the Snake Pit.
 20287 | Lair:5   | Reached skill level 21 in Bows
 20594 | Lair:5   | Found a viscous altar of Jiyva.
 20594 | Lair:5   | Found a staircase to the Slime Pits.
 21259 | Lair:6   | Entered Level 6 of the Lair of Beasts
 21318 | Lair:6   | Found a glowing silver altar of Zin.
 22106 | Lair:6   | Received a gift from Okawaru
 23175 | Lair:6   | Reached skill level 22 in Bows
 23466 | Lair:6   | Received a gift from Okawaru
 23528 | Lair:6   | Reached XP level 14. HP: 115/115 MP: 23/23
 25170 | Lair:6   | Reached skill level 23 in Bows
 26385 | Lair:6   | Received a gift from Okawaru
 26892 | Lair:6   | Reached skill level 24 in Bows
 27369 | Lair:6   | Received a gift from Okawaru
 28351 | D:10     | HP: 4/115 [meliai/divine providence (9)]
 28356 | D:10     | HP: 3/115 [meliai/hand axe (3)]
 28360 | D:10     | Slain by a meliai

Skill      XL: |  1  2  3  4  5  6  7  8  9 10 11 12 13 14 |
---------------+-------------------------------------------+-----
Fighting       | 4 5 6 8 |  8.0
Staves         | 2 3 5 |  5.0
Bows           | 9 12 15 17 20 22 24 | 24.5
Invocations    | 4 7 9 11 13 | 13.1
Long Blades    | |  1.7
Armour         | |  2.1
Shields        | |  2.1

Action                   |  1- 3 |  4- 6 |  7- 9 | 10-12 | 13-15 || total
-------------------------+-------+-------+-------+-------+-------++-------
Melee: Long sword        |    94 |    23 |       |       |       ||   117
       Kick              |    12 |    34 |    81 |   126 |    58 ||   311
       Quarterstaff      |       |   103 |   296 |   297 |   153 ||   849
       Shortbow          |       |       |       |     1 |       ||     1
 Fire: Shortbow          |       |       |   129 |   639 |  1350 ||  2118
Invok: Heroism           |       |       |       |     4 |     1 ||     5
       Finesse           |       |       |       |     1 |       ||     1
Evoke: Wand              |       |       |       |    14 |       ||    14
       Fan of gales      |       |       |       |     1 |     1 ||     2
  Use: Scroll            |       |       |     6 |     4 |     6 ||    16
       Potion            |       |       |       |     8 |     3 ||    11
 Stab: Petrified         |       |       |     3 |     1 |       ||     4
       Petrifying        |       |       |     2 |     1 |       ||     3
       Paralysed         |       |       |     1 |     4 |       ||     5
       Confused          |       |       |       |     1 |       ||     1
  Eat: Chunk             |     1 |     7 |    11 |    25 |    25 ||    69
       Beef jerky        |       |       |     1 |       |     1 ||     2
Armor: Scale mail        |    44 |    16 |       |       |       ||    60
       Chain mail        |       |    32 |   138 |       |       ||   170
       Plate armour      |       |       |    49 |     1 |       ||    50
       Ice dragon scales |       |       |       |   224 |   400 ||   624
Dodge: Dodged            |    20 |    30 |    50 |   135 |   163 ||   398
Block: Shield            |    39 |    11 |       |       |       ||    50
       Rpst.: Long sword |     8 |     1 |       |       |       ||     9
